 Dungeon Crawl Stone Soup version 0.19.1 (console) character file.

1418 Jesseh the Slasher (level 9, -1/64 HPs)
             Began as a Halfling Fighter on Nov 28, 2016.
             Was a Follower of Okawaru.
             Slain by a wight
             ... wielding a +2 long sword of freezing
              (3 damage)
             ... on level 5 of the Dungeon.
             The game lasted 00:15:30 (4933 turns).

Jesseh the Slasher (Halfling Fighter)               Turns: 4933, Time: 00:15:31

Health: -1/64      AC:  6    Str: 20    XL:     9   Next: 2%
Magic:  9/9        EV: 11    Int:  6    God:    Okawaru [*.....]
Gold:   251        SH:  9    Dex: 14    Spells: 0 memorised, 8 levels left

rFire  . . .     SeeInvis .     q - +3 long sword (freeze)
rCold  . . .     Gourm    .     b - +0 scale mail
rNeg   . . .     Faith    .     c - +0 shield
rPois  .         Spirit   .     (no helmet)
rElec  .         Reflect  .     (no cloak)
rCorr  .         Harm     .     (no gloves)
MR     .....                    (no boots)
Stlth  ..........               E - amulet of magic regeneration
                                A - ring of flight
                                j - +3 ring of evasion

@: flying (expiring), heavily drained
A: mutation resistance 1
a: Heroism, Renounce Religion, Stop Flying


You were on level 5 of the Dungeon.
You worshipped Okawaru.
Okawaru was aware of your devotion.
You were not hungry.

You visited 2 branches of the dungeon, and saw 7 of its levels.

You collected 251 gold pieces.

Inventory:

Hand Weapons
 a - a +0 long sword
 q - a +3 long sword of freezing (weapon)
   (You took it off a wight on level 6 of the Dungeon)
 r - a +1 dagger of venom
   (You took it off a goblin on level 2 of the Dungeon)
 w - a +3 hunting sling
   (You found it on level 3 of the Dungeon)
 F - a +3 scimitar
   (You took it off an orc warrior on level 6 of the Dungeon)
Armour
 b - a +0 scale mail (worn)
 c - a +0 shield (worn)
Jewellery
 j - a +3 ring of evasion (left hand)
   (You found it on level 1 of the Dungeon)
 A - a ring of flight (right hand)
   (You found it on level 4 of the Dungeon)
 C - an uncursed ring of magical power
   (You found it on level 6 of the Dungeon)
 E - an amulet of magic regeneration (around neck)
   (You found it on level 5 of the Dungeon)
Wands
 m - a wand of slowing (10/48)
   (You found it on level 2 of the Dungeon)
 y - a wand of heal wounds (1/9)
   (You found it on level 4 of the Dungeon)
Scrolls
 h - 3 scrolls of remove curse {unknown}
 i - 3 scrolls of magic mapping {unknown}
 k - 2 scrolls of amnesia {unknown}
 l - a scroll of random uselessness {unknown}
 n - 3 scrolls of identify {unknown}
 p - 3 scrolls of immolation {unknown}
 s - a scroll of fog {unknown}
 x - 2 scrolls of teleportation {unknown}
 B - a scroll of fear {unknown}
 D - a scroll of brand weapon {unknown}
Potions
 d - a potion of might
 e - a potion of beneficial mutation {unknown}
 o - 2 potions of invisibility {unknown}
 t - a potion of cancellation {unknown}
 v - a potion of brilliance {unknown}
 z - a potion of experience {unknown}
 G - 2 potions of berserk rage {unknown}
Comestibles
 f - 4 bread rations
 g - 3 fruits
 u - 4 meat rations
 H - 9 chunks of flesh


   Skills:
 + Level 7.3(5.4) Fighting
 + Level 7.6(5.7) Long Blades
 - Level 3.2(1.5) Armour
 - Level 3.2(1.5) Shields


You had 8 spell levels left.
You didn't know any spells.

Dungeon Overview and Level Annotations

Branches:
Dungeon (6/15)             Temple (1/1) D:4

Altars:
Ashenzari
Cheibriados
Dithmenos
Elyvilon
Fedhas
Gozag
Hepliaklqana
Kikubaaqudgha
Makhleb
Nemelex Xobeh
Okawaru
Qazlal
Ru
Sif Muna
Trog
Uskayaw
Vehumet
Xom
Yredelemnul
Zin
The Shining One

Shops:
D:4 (   D:5 %


Innate Abilities, Weirdness & Mutations

You are small and have problems with some larger weapons.
You are somewhat resistant to further mutation.


Message History

You feel drained.
You closely miss the bullfrog. The bullfrog completely misses you.
You slash the bullfrog!
The bullfrog seems to slow down.
You freeze the bullfrog. You block the wight's attack.
You block the bullfrog's attack.
You closely miss the bullfrog. The bullfrog misses you.
You block the wight's attack.
You hit the bullfrog. You freeze the bullfrog.
The bullfrog is no longer moving slowly.
The bullfrog hits you but does no damage.
The wight hits you with a great sword!
You feel drained.
You slash the bullfrog! You freeze the bullfrog.
You kill the bullfrog!
Okawaru accepts your kill. The wight barely misses you.
You riposte.
You hit the wight. You hit the wight. The wight closely misses you.
You riposte.
You closely miss the wight. You hit the wight.
A wight comes into view.
It is wielding a long sword of freezing.
You slash the wight!
You destroy the wight!
Okawaru accepts your kill.
You have reached level 9!
Your experience leads to an increase in your attributes!
Increase (S)trength, (I)ntelligence, or (D)exterity?
You feel stronger.
A wight comes into view. It is wielding an enchanted hand axe.
You see here a bullfrog corpse.
You butcher the bullfrog corpse.
You see here 4 chunks of flesh.
H - 9 chunks of flesh (gained 4)
Your shield prevents you from hitting the wight.
You block the wight's attack.
You hit the wight.
The wight hits you with a long sword of freezing.
The wight freezes you.
You hit the wight but do no damage.
The wight hits you with a long sword of freezing.
* * * LOW HITPOINT WARNING * * *
You feel drained.
* * * LOW HITPOINT WARNING * * *
The wight freezes you.
* * * LOW HITPOINT WARNING * * *
You hit the wight but do no damage.
The wight hits you with a long sword of freezing!
* * * LOW HITPOINT WARNING * * *
The wight freezes you.
* * * LOW HITPOINT WARNING * * *
You block the wight's attack.
You feel very buoyant.
You fly up into the air.
You feel somewhat more hungry.
The wight hits you with an enchanted hand axe.
* * * LOW HITPOINT WARNING * * *
You feel drained.
* * * LOW HITPOINT WARNING * * *
A wight comes into view. It is wielding a great sword.
A crimson imp comes into view.
The crimson imp shouts!
The crimson imp blinks!
A wight comes into view. It is wielding a hand axe.
Found 2 blue potions.
Found an escape hatch in the ceiling.
There is an escape hatch in the ceiling here.
You block the wight's attack. A mysterious force pulls you upwards.
The hatch slams shut behind you.
That item cannot be evoked!
You feel much better.
Evoking this partially-identified wand wasted a few charges.
You block the wight's attack.
You hit the wight but do no damage.
You are starting to lose your buoyancy.
The wight barely misses you.
You closely miss the wight. The wight closely misses you.
You hit the wight.
The wight hits you with a long sword of freezing.
The wight freezes you.
You slash the wight!
The wight hits you with a long sword of freezing.
The wight freezes you.
You barely miss the wight. The wight hits you but does no damage.
You closely miss the wight.
The wight hits you with a long sword of freezing.
* * * LOW HITPOINT WARNING * * *
You feel drained.
* * * LOW HITPOINT WARNING * * *
The wight freezes you.
* * * LOW HITPOINT WARNING * * *
You completely miss the wight.
The wight hits you with a long sword of freezing.
* * * LOW HITPOINT WARNING * * *
You feel drained.
* * * LOW HITPOINT WARNING * * *
The wight freezes you.
* * * LOW HITPOINT WARNING * * *
You completely miss the wight.
The wight hits you with a long sword of freezing!
* * * LOW HITPOINT WARNING * * *
You feel drained.
* * * LOW HITPOINT WARNING * * *
The wight freezes you.
You die...

▒..........▒ ▒▒▒▒
▒..........▒▒▒▒▒▒▒▒ ▒...
▒.................▒ ▒▒▒▒..(
▒...).............▒▒▒▒▒.....▒
▒.......................▒▒(▒▒
▒▒▒▒▒▒.▒▒▒▒(..........▒▒▒▒'▒▒
▒.▒ ▒.)......▒▒..▒..... ▒.▒
▒..z....▒▒▒▒.▒.♣.♣.
▒▒▒.▒▒▒▒.p..........'..∩..
▒......▒.......▒▒▒▒.▒.♣.♣.
▒......▒.......▒ ▒.▒.....
▒......▒▒▒▒▒▒▒▒▒ ▒▒.▒▒▒'▒▒
▒.......▒ ▒.)▒▒▒.▒▒ ▒.......▒
▒▒.▒▒▒..▒▒ ▒.......▒▒▒▒ ▒..▒
▒.▒▒▒
▒▒..▒▒▒..<.▒▒▒▒▒▒.▒▒▒▒.▒ ▒..▒
▒▒▒▒........▒ ▒..▒


You could see a wight.

Vanquished Creatures
  Sigmund (D:3)
  An orc warrior (D:6)
  An ice beast (D:6)
  A phantom (D:3)
  An ogre (D:6)
  2 bullfrogs (D:6)
  A scorpion (D:6)
  6 wights (D:6)
  3 crimson imps (D:6)
  A centaur zombie (D:5)
  An orc priest (D:6)
  2 hounds
  An orc wizard (D:3)
  A centaur skeleton (D:5)
  A worker ant (D:6)
  10 adders
  An ooze (D:2)
  3 worms
  A dart slug (D:1)
  3 leopard geckos
  5 orcs
  4 ball pythons
  2 giant cockroaches (D:1)
  9 hobgoblins
  2 jackals (D:1)
  3 kobolds
  6 quokkas
  6 bats
  3 frilled lizards
  4 goblins
  A leopard gecko skeleton (D:4)
  A quokka zombie (D:6)
  5 rats
93 creatures vanquished.

Notes
Turn   | Place    | Note
-------+----------+-------------------------------------------
     0 | D:1      | Jesseh the Halfling Fighter began the quest for the Orb.
     0 | D:1      | Reached XP level 1. HP: 15/15 MP: 1/1
   194 | D:1      | Reached XP level 2. HP: 20/20 MP: 2/2
   290 | D:1      | Reached skill level 3 in Fighting
   788 | D:1      | Reached XP level 3. HP: 26/26 MP: 3/3
  1073 | D:2      | Reached skill level 3 in Long Blades
  1284 | D:2      | Reached XP level 4. HP: 24/31 MP: 4/4
  1819 | D:3      | Reached XP level 5. HP: 32/37 MP: 5/5
  1965 | D:3      | Reached skill level 4 in Fighting
  2004 | D:3      | Reached skill level 4 in Long Blades
  2115 | D:3      | Noticed Sigmund
  2128 | D:3      | Killed Sigmund
  2128 | D:3      | Reached XP level 6. HP: 36/45 MP: 6/6
  2172 | D:3      | Noticed a phantom
  2205 | D:3      | Killed a phantom
  2205 | D:3      | Reached skill level 5 in Fighting
  2205 | D:3      | Reached skill level 5 in Long Blades
  2205 | D:3      | Reached XP level 7. HP: 42/50 MP: 7/7
  2491 | D:4      | Found a staircase to the Ecumenical Temple.
  2529 | Temple   | Entered the Ecumenical Temple
  2661 | Temple   | Became a worshipper of Warmaster Okawaru
  2913 | D:4      | Found Hemeludu's Antique Weapon Shop.
  3016 | D:5      | Entered Level 5 of the Dungeon
  3190 | D:5      | Found Xegix's Food Shop.
  3203 | D:5      | You fall through a shaft!
  3210 | D:6      | HP: 6/50 [orc warrior/enchanted scimitar (10)]
  3670 | D:6      | Reached skill level 6 in Fighting
  3670 | D:6      | Reached skill level 6 in Long Blades
  3670 | D:6      | Reached XP level 8. HP: 47/57 MP: 8/8
  3896 | D:6      | Reached * piety under Okawaru
  3900 | D:6      | HP: 8/57 [wight/enchanted hand axe (8)]
  4247 | D:6      | HP: 9/58 [ogre/giant spiked club (22)]
  4253 | D:6      | HP: 6/58 [ogre/giant spiked club (3)]
  4406 | D:6      | Reached skill level 7 in Long Blades
  4863 | D:6      | Reached skill level 7 in Fighting
  4899 | D:6      | Reached XP level 9. HP: 30/64 MP: 9/9
  4906 | D:6      | HP: 8/64 [wight/long sword of freezing (10)]
  4909 | D:6      | HP: 3/64 [wight/enchanted hand axe (3)]
  4932 | D:5      | HP: 16/64 [wight/long sword of freezing (5)]
  4933 | D:5      | HP: 4/64 [wight/long sword of freezing (8)]
  4933 | D:5      | Slain by a wight

Skill      XL: |  1  2  3  4  5  6  7  8 |
---------------+-------------------------+-----
Fighting       | 3 4 5 6 7 |  7.3
Long Blades    | 3 4 5 6 7 |  7.6
Armour         | |  3.2
Shields        | |  3.2

Action                   |  1- 3 |  4- 6 |  7- 9 || total
-------------------------+-------+-------+-------++-------
Melee: Long sword        |    96 |   124 |   197 ||   417
Invok: Heroism           |       |       |     1 ||     1
 Abil: Evoke Flight      |       |       |     1 ||     1
Evoke: Wand              |       |       |     1 ||     1
  Use: Potion            |       |       |     2 ||     2
  Eat: Chunk             |     1 |     4 |     1 ||     6
       Bread ration      |       |       |     2 ||     2
Armor: Scale mail        |    39 |    23 |    35 ||    97
Dodge: Dodged            |    47 |    54 |    85 ||   186
Block: Shield            |    55 |    67 |    83 ||   205
       Rpst.: Long sword |    11 |    23 |    32 ||    66

Vault maps used:
D:1:      dpeg_arrival_oval, serial_forest, infiniplex_forest_clump_curved,
          infiniplex_forest_pool, infiniplex_forest_end_1,
          infiniplex_forest_lined_3, infiniplex_forest_pool,
          infiniplex_forest_clump_large, infiniplex_forest_clump_small,
          infiniplex_forest_3_way, infiniplex_forest_lined_4_way
D:2:      first_bread
D:3:      uniq_sigmund
D:4:      serial_shops, nicolae_shop_window_shopping
D:5:      serial_shops, kennysheep_little_box
D:6:      nicolae_ossuary_entry_plus
Temple:   minmay_crystal_snake_temple

Table legend:
 A = Turns spent in this place as a percentage of turns spent in the entire game.
 B = Non-inter-level travel turns spent in this place as a percentage of non-inter-level travel turns spent in the entire game.
 C = Inter-level travel turns spent in this place as a percentage of turns spent in this place.
 D = Turns resting spent in this place as a percentage of non-inter-level travel turns spent in this place.
 E = Turns spent auto-exploring this place as a percentage of non-inter-level travel turns spent in this place.
 F = Non-inter-level travel turns spent in this place divided by the number of levels of this place that you've seen.
                   A       B       C       D       E      F
               +-------+-------+-------+-------+-------+----------------------
         Total | 100.0 | 100.0 |   0.6 |   2.5 |  13.6 | 152.9
       Dungeon |  97.5 |  97.6 |   0.6 |   2.6 |  11.9 | 174.0
        Temple |   2.5 |   2.4 |   3.7 |   0.0 |  80.8 |  26.0
               +-------+-------+-------+-------+-------+----------------------

Table legend:
 A = Kills in this place as a percentage of kills in entire the game.
 B = Kills by you in this place as a percentage of kills by you in the entire game.
 C = Kills by friends in this place as a percentage of kills by friends in the entire game.
 D = Other kills in this place as a percentage of other kills in the entire game.
 E = Experience gained in this place as a percentage of experience gained in the entire game.
 F = Experience gained in this place divided by the number of levels of this place that you have seen.
                   A       B       C       D       E      F
               +-------+-------+-------+-------+-------+----------------------
         Total | 100.0 | 100.0 |  -nan |  -nan | 100.0 | 289.6
       Dungeon | 100.0 | 100.0 |  -nan |  -nan | 100.0 | 337.8
               +-------+-------+-------+-------+-------+----------------------
